Map: Neon Violet Square LE

Players

iggythefisk

  • Race: Zerg Zerg
  • Spawn Location: 11:00

Kamahlen

  • Race: Zerg Zerg
  • League: Master
  • Spawn Location: 5:00

matathemyra

  • Race: Terran Terran

Seismic

  • Race: Terran Terran
  • League: Master

VOD

Have the link to the VOD?

Description

Time

  • Played on: Nov. 20, 2017, 11:50 a.m.
  • Length: 5:47
Show
View Real Time Build Order
Export as new Build Order

iggythefisk Zerg 

Build Orders: Hatch First 

Get SALT Encoding   

  12  0:01  Drone  
  13  0:08  Drone  
  14  0:18  Overlord  
  14  0:36  Drone x3  
  17  0:54  Hatchery  
  17  0:56  Drone  
  17  1:13  Spawning Pool  
  17  1:15  Extractor  
  17  1:16  Drone  
  16  1:20  Drone  
  16  1:24  Drone  
  18  1:31  Overlord  
  18  1:41  Drone  
  19  2:01  Zergling x2  
  19  2:06  Drone x2  
  19  2:08  Queen  
  24  2:09  Queen  
  24  2:13  Drone  
  27  2:21  Drone  
  28  2:23  Metabolic Boost  
  28  2:27  Drone  
  29  2:31  Zergling x2  
  29  2:39  Drone  
  29  2:41  Drone  
  29  2:51  Queen  
  29  2:56  Drone x3  
  34  3:07  Drone  
  34  3:12  Overlord  
  35  3:22  Hatchery  
  34  3:28  Evolution Chamber  
  34  3:31  Drone x2  
  35  3:41  Drone x5  
  35  3:45  Drone  
  35  3:46  Drone  
  42  3:51  Zergling x2  
  43  4:00  Overlord  
  43  4:12  Lair  
  43  4:15  Overlord  
  43  4:18  Queen  
  43  4:23  Drone x5  
  43  4:24  Drone  
  51  4:35  Drone x5  
  56  4:43  Extractor  
  56  4:44  Extractor  
  54  4:45  Zergling x2  
  54  4:46  Zergling x2  
  56  4:53  Queen  
  58  5:04  Drone x7  
  58  5:06  Queen  
  62  5:16  Spire  
  61  5:25  Drone x4  
Show
View Real Time Build Order
Export as new Build Order

Kamahlen Zerg 

Build Orders:  

Get SALT Encoding   

  12  0:00  SCV  
  13  0:13  SCV  
  14  0:19  Supply Depot  
  14  0:25  SCV  
  15  0:40  SCV  
  15  0:42  Barracks  
  16  0:46  Refinery  
  16  0:52  SCV  
  17  1:04  SCV  
  18  1:16  SCV  
  19  1:29  Orbital Command  
  19  1:30  Reaper  
  20  1:46  Command Center  
  20  1:56  Supply Depot  
  20  1:57  SCV  
  21  2:02  Marine  
  22  2:09  SCV  
  22  2:14  Factory  
  23  2:20  Refinery  
  23  2:23  Barracks Reactor  
  23  2:25  SCV  
  24  2:37  SCV  
  25  2:49  SCV  
  25  2:59  Starport  
  25  3:00  Orbital Command  
  25  3:01  SCV  
  26  3:06  Hellion x2  
  26  3:11  Barracks Tech Lab  
  30  3:13  SCV  
  31  3:23  Supply Depot  
  31  3:25  SCV  
  31  3:26  Liberator, SCV  
  33  3:29  Hellion  
  35  3:35  Hellion  
  35  3:37  SCV  
  35  3:38  SCV  
  42  3:49  SCV  
  42  3:51  Armory  
  42  3:53  SCV  
  44  3:58  Hellion  
  44  4:01  SCV  
  44  4:02  Hellion  
  49  4:05  SCV  
  49  4:09  Supply Depot  
  50  4:14  SCV  
  50  4:16  Supply Depot  
  51  4:17  SCV  
  51  4:21  Hellion  
  54  4:27  Factory  
  54  4:31  Hellion  
  56  4:35  SCV x2  
  56  4:36  Banshee  
  61  4:40  Supply Depot  
  61  4:46  Hellion  
  61  4:47  SCV  
  61  4:50  SCV  
  65  4:57  Refinery  
  65  4:59  SCV  
  66  5:04  Hellion  
  66  5:05  SCV  
  69  5:11  Factory Tech Lab, SCV  
  69  5:12  Hellion  
  70  5:22  SCV  
  70  5:26  Hellion  
  76  5:32  Command Center  
  75  5:40  Refinery  
  76  5:43  Supply Depot  
Show
View Real Time Build Order
Export as new Build Order

matathemyra Terran 

Build Orders:  

Get SALT Encoding   

Show
View Real Time Build Order
Export as new Build Order

Seismic Terran 

Build Orders:  

Get SALT Encoding   

Tags
 
Add a new tag
Caveats
  • Supply blocks, unpowered buildings, or Contaminate may cause inaccurate times.
  • Supply counts are checked every 10 seconds.